AoeStats
← EULight

Arabia

509122586Analyzed
1v1 RM · 8d ago on Sep 25, 2026· 37m 11s· 2 players
Game mode
Random Map
Map size
Tiny (2 player)
Population
200
Speed
Normal
Resources
Standard
Victory
Conquest
Starting age
Dark Age
Ending age
Imperial Age
RankedLock teamsTeams togetherTeam positionsShared explorationLock speedFull tech treeHidden civsTurbo modeCheats
Victory
Defeat
🇸🇰 Mongols · Slovakia
1235
+18
🇪🇸 Varangians · Spain
1280
-18
EULight
9:07 Feudal Age
9:43 Double-Bit Axe
11:28 Loom
17:08 Wheelbarrow
19:02 Scale Barding Armor
19:59 Bloodlines
20:07 Forging
20:28 Horse Collar
24:49 Castle Age
25:07 Scale Mail Armor
24:58 Light Cavalry
26:02 Husbandry
29:40 Chain Barding Armor
Don't Touch Me
6:19 Loom
9:14 Feudal Age
10:06 Double-Bit Axe
17:12 Horse Collar
17:48 Bloodlines
20:21 Scale Barding Armor
20:42 Scale Barding Armor
21:54 Forging
26:11 Castle Age
25:41 Scale Mail Armor
26:13 Gold Mining
26:26 Pikeman
27:13 Light Cavalry
29:29 Chain Mail Armor
29:58 Squires
Connection lost

Rejoining the realm…

Still unreachable

The connection could not be restored.

Session expired

The server has moved on; the page needs a fresh start.